 Dungeon Crawl Stone Soup version 0.27.0-1-g7a089689b8 (webtiles) character file.

Game seed: 10654075401290030295

4100 Malachi the Grappler (level 10, -7/84 HPs)
             Began as a Troll Transmuter on Aug 17, 2021.
             Was an Initiate of Ashenzari.
             Mangled by an orc warrior (19 damage)
             ... on level 7 of the Dungeon.
             The game lasted 00:19:18 (8473 turns).

Malachi the Grappler (Troll Transmuter)             Turns: 8473, Time: 00:19:18

Health: -7/84      AC:  5    Str: 20    XL:     10   Next: 6%
Magic:  11/11      EV:  9    Int: 18    God:    Ashenzari [......]
Gold:   343        SH:  0    Dex: 10    Spells: 9/12 levels left

rFire    + . .     SeeInvis .     - Unarmed
rCold    + . .     Faith    .   (no shield)
rNeg     . . .     Spirit   .   a - +1 robe
rPois    +         Reflect  .   (helmet restricted)
rElec    .         Harm     .   g - scarf "Clairvoyant Augurer" {rC+ rF+, Melee, Self} (curse)
rCorr    .         Rampage  .   (gloves unavailable)
Will     .....                  (boots unavailable)
Stlth    +.........             b - amulet of magic regeneration
HPRegen  1.24/turn              m - +6 ring of intelligence
MPRegen  0.37/turn              c - ring of poison resistance

@: no status effects
A: large, unfitting armour, claws 3, regeneration 1, shaggy fur 1, tough skin 1
a: Renounce Religion, Shatter the Chains


You were on level 7 of the Dungeon.
You worshipped Ashenzari.
Ashenzari was noncommittal.
You visited 2 branches of the dungeon, and saw 9 of its levels.
You also visited: Sewer and Ossuary.

You collected 343 gold pieces.

Inventory:

Armour
 a - a +1 robe (worn)
 g - the cursed scarf "Clairvoyant Augurer" (worn) {rC+ rF+, Melee, Self}
   (You found it on level 2 of the Dungeon)

   It has a curse which improves the following skills: Melee Combat: Short
   Blades, Long Blades, Axes, Maces & Flails, Polearms, Staves and Unarmed
   Combat.
   Introspection: Fighting and Spellcasting.
Jewellery
 b - an amulet of magic regeneration (around neck)
 c - a ring of poison resistance (right claw)
 h - a +4 ring of evasion
 m - a +6 ring of intelligence (left claw)
 s - a ring of resist corrosion
Wands
 r - a wand of acid (7)
 u - a wand of charming (7)
Scrolls
 j - 4 scrolls of magic mapping
 l - 2 scrolls of enchant weapon
 q - a scroll of teleportation
 t - a scroll of holy word
 v - 2 scrolls of amnesia
Potions
 d - a potion of lignification
 f - a potion of cancellation
 i - 9 potions of curing
 k - a potion of might
 n - a potion of flight
 o - a potion of magic
 p - a potion of haste
 w - a potion of ambrosia


   Skills:
 - Level 0.7(1.0) Fighting
 - Level 1.6 Dodging
 * Level 8.2(8.7) Unarmed Combat
 - Level 1.3(1.6) Spellcasting
 * Level 8.0 Transmutations
 + Level 5.3 Poison Magic


You had 9 spell levels left.
You knew the following spells:

 Your Spells              Type           Power      Damage    Failure   Level
b - Spider Form           Tmut/Pois      12%        N/A       3%          3

Your spell library contained the following spells:

 Spells                   Type           Power      Damage    Failure   Level
 Beastly Appendage        Tmut           60%        N/A       1%          1
 Wereblood                Tmut           30%        N/A       1%          2
 Poisonous Vapours        Pois/Air       22%        N/A       10%         2
 Corpse Rot               Necr/Air       N/A        N/A       28%         2
 Ice Form                 Ice/Tmut       15%        N/A       34%         4
 Call Canine Familiar     Summ           1%         N/A       50%         3
 Ozocubu's Armour         Ice            1%         N/A       50%         3
 Portal Projectile        Hex/Tloc       2%         N/A       50%         3
 Dispel Undead            Necr           1%         3d6       88%         4
 Leda's Liquefaction      Hex/Erth       0%         N/A       88%         4
 Freezing Cloud           Conj/Ice/Air   0%         6-21      99%         5
 Metabolic Englaciation   Hex/Ice        0%         N/A       99%         5
 Death Channel            Necr           0%         N/A       100%        6
 Simulacrum               Ice/Necr       0%         N/A       100%        6


Dungeon Overview and Level Annotations

Branches:
Dungeon (8/15)             Temple (1/1) D:5           Sewer (visited)
Ossuary (visited)
   Lair: D:8-11

Altars:
Ashenzari
Dithmenos
Elyvilon
Fedhas
Hepliaklqana
Kikubaaqudgha
Makhleb
Okawaru
Qazlal
Trog
Uskayaw
Vehumet
Wu Jian
Xom
Yredelemnul
Zin

Shops:
D:2 (   D:3 (   D:6 !


Innate Abilities, Weirdness & Mutations

You are too large for most types of armour.
You have claws for hands.
Your natural rate of healing is unusually fast.
You are covered in fur. (AC +1)
You have tough skin. (AC +1)


Message History

Unknown command.
Your transformation is almost over.
The orc warrior hits you from afar with a +0 halberd!
* * * LOW HITPOINT WARNING * * *
The orc warrior hits you from afar with a +0 halberd!
* * * LOW HITPOINT WARNING * * *
Unknown command.
The orc warrior hits you from afar with a +0 halberd.
* * * LOW HITPOINT WARNING * * *
The orc warrior hits you from afar with a +0 halberd.
* * * LOW HITPOINT WARNING * * *
The orc warrior hits you from afar with a +0 halberd.
* * * LOW HITPOINT WARNING * * *
The orc warrior hits you from afar with a +0 halberd!
* * * LOW HITPOINT WARNING * * *
You feel less invigorated.
You feel less confused.
The orc warrior hits you from afar with a +0 halberd.
* * * LOW HITPOINT WARNING * * *
The orc warrior hits you but does no damage.
You feel less wooden.
The cursed scarf "Clairvoyant Augurer" {rC+ rF+, Melee, Self} unmelds from your body.
Your +1 robe unmelds from your body.
You feel resistant to extremes of temperature.
The orc warrior closely misses you.
An orc priest comes into view. It is wielding a +0 short sword.
The orc priest shouts!
The orc priest hits you but does no damage.
You closely miss the orc priest.
The orc warrior hits you from afar with a +0 halberd!
* * * LOW HITPOINT WARNING * * *
You closely miss the orc priest.
The orc priest hits you but does no damage.
The orc warrior closely misses you.
You closely miss the orc priest.
The orc priest hits you with a +0 short sword.
* * * LOW HITPOINT WARNING * * *
The orc priest begins to cast a cantrip, but forgets the words!
The orc warrior hits you from afar with a +0 halberd!!
You die...

.# #.#.######..............#
.########.#.##..................#
............#...................#
#########.###...^...............#
#.# #...................# . # #.#
#)...#######.........
<...#.#)###....# ### #..####...
#......))......#######..# ...
......#.####§.@o.§§§oo..# ...
#######.# #.§.###§###.## . ..#
#§§o# #.# #.# #### ##§§###)###.#
#§§.§§§....# ############


You could see an orc warrior and an orc priest.

Vanquished Creatures
  A troll (D:6)
  Menkaure (D:4)
  Edmund (D:4)
  Duvessa (D:4)
  4 ice beasts
  A sky beast (D:6)
  A black bear (D:4)
  An orc warrior (D:8)
  3 ogres
  A necrophage (D:7)
  A centaur (D:3)
  A phantom (D:5)
  A kobold brigand (D:4)
  A wyvern zombie (D:7)
  4 bullfrogs
  4 scorpions
  5 water moccasin zombies (Ossuary)
  Dowan (D:4)
  3 killer bees (D:7)
  An electric eel (D:8)
  A howler monkey (D:3)
  2 centaur zombies (D:8)
  3 jellies
  A gnoll shaman (D:7)
  4 orc priests
  2 centaur skeletons
  4 hounds
  7 iguanas
  6 orc wizards
  2 mummies (Ossuary)
  A howler monkey zombie (D:4)
  15 adders
  14 gnolls
  A shadow imp (D:6)
  An ufetubus (D:5)
  5 adder zombies (Ossuary)
  2 worms
  2 adder skeletons (D:4)
  2 dart slugs
  16 orcs
  9 ball pythons
  4 endoplasms
  15 giant cockroaches
  2 goblins
  3 hobgoblins
  14 jackals
  2 kobolds
  3 quokkas
  7 bats
  8 frilled lizards
  4 gnoll zombies (Ossuary)
  9 hobgoblin zombies (Ossuary)
  4 kobold zombies (Ossuary)
  2 orc zombies (Ossuary)
  8 rats
222 creatures vanquished.

Vanquished Creatures (others)
  An orc (D:8)
  46 plants
47 creatures vanquished.

Grand Total: 269 creatures vanquished

Notes
Turn   | Place    | Note
-------+----------+-------------------------------------------
     0 | D:1      | Malachi the Troll Transmuter began the quest for the Orb.
     0 | D:1      | Reached XP level 1. HP: 18/18 MP: 1/1
   289 | D:1      | Reached XP level 2. HP: 26/26 MP: 0/2
   939 | D:2      | Found a faded altar of an unknown god.
  1048 | D:2      | Reached XP level 3. HP: 32/32 MP: 1/3
  1124 | D:2      | Found Joebb's Antique Weapon Boutique.
  1206 | D:2      | Found a hazy altar of Hepliaklqana.
  1578 | D:2      | Reached XP level 4. HP: 37/40 MP: 2/4
  1874 | D:3      | Reached XP level 5. HP: 46/46 MP: 5/5
  1974 | D:3      | Found Ezuimel's Weapon Boutique.
  2286 | D:3      | Noticed a centaur
  2295 | D:3      | Killed a centaur
  2296 | D:3      | Reached skill level 5 in Unarmed Combat
  2368 | D:3      | Reached XP level 6. HP: 54/54 MP: 4/6
  2777 | D:3      | Learned a level 3 spell: Spider Form
  2848 | D:3      | Reached XP level 7. HP: 61/61 MP: 5/7
  2910 | D:4      | Noticed Menkaure
  2921 | D:4      | Killed Menkaure
  3383 | D:4      | Noticed Dowan
  3383 | D:4      | Noticed Duvessa
  3389 | D:4      | Killed Dowan
  3390 | D:4      | Reached skill level 5 in Transmutations
  3399 | D:4      | Killed Duvessa
  3400 | D:4      | Reached XP level 8. HP: 19/68 MP: 8/8
  3577 | D:4      | Noticed Edmund
  3588 | D:4      | Killed Edmund
  4188 | D:5      | Entered Level 5 of the Dungeon
  4230 | D:5      | Found a staircase to the Ecumenical Temple.
  4268 | D:5      | Reached skill level 1 in Poison Magic
  4438 | D:5      | Found a glowing drain.
  4442 | Sewer    | Entered a sewer
  5450 | D:5      | Reached XP level 9. HP: 75/75 MP: 9/9
  5545 | Temple   | Entered the Ecumenical Temple
  5590 | Temple   | Became a worshipper of Ashenzari the Shackled
  5747 | D:6      | Noticed a troll
  5823 | D:6      | Killed a troll
  6093 | D:6      | Found a hazy altar of Hepliaklqana.
  6258 | D:6      | Found Dutz's Distillery.
  6694 | D:7      | Found a sand-covered staircase.
  6706 | Ossuary  | Entered an ossuary
  7246 | D:8      | Found a white marble altar of Elyvilon.
  7357 | D:8      | Reached skill level 5 in Poison Magic
  7864 | D:8      | Identified the +1 chain mail of Fortitude {-Cast rF++
                  | rCorr}
  8228 | D:7      | Reached XP level 10. HP: 79/84 MP: 11/11
  8339 | D:7      | Found an iron altar of Okawaru.
  8465 | D:7      | Identified the cursed scarf "Clairvoyant Augurer" {rC+ rF+,
                  | Melee, Self} (You found it on level 2 of the Dungeon)
  8473 | D:7      | Mangled by an orc warrior

Illustrated notes

Levels and vault maps discovered:
D:1:      dpeg_arrival_snail, layout_loops_ring, kennysheep_boxes
D:2:      layout_basic, serial_shops, nicolae_shop_statue_plus, basic_altar,
          chequers_ecumenical_altar_grove, chequers_big_river
D:3:      layout_basic, serial_shops, shop, cheibrodos_gnoll_hut
D:4:      layout_cave_pools, nicolae_overflow_hidden_temple, roderic_lattice_a,
          hangedman_decor_peaks_small, minmay_divided_ellipse, uniq_menkaure,
          uniq_edmund, uniq_duvessa
D:5:      layout_loops_ring, minmay_temple_entry_junction,
          gup_sewer_entry_spiral
D:6:      layout_basic, worldfamousw_hep_ancestral_shrine, serial_shops,
          nicolae_diamond_shop, serial_park_tiny_2
D:7:      layout_basic, chei_slow_surprise, lemuel_doored_altar,
          ebering_ghost_disaster_area, chequers_ossuary_entry_cave,
          solitary_fountain
D:8:      layout_basic, elyvilon_altar_4, chequers_mini_garden,
          serial_bayou_lagoon_a
Temple:   nicolae_temple_god_jail

Skill      XL: |  1  2  3  4  5  6  7  8  9 10 |
---------------+-------------------------------+-----
Transmutations | 2 3 4 5 6 7 8 |  8.0
Unarmed Combat | 4 5 6 7 8 |  8.2
Poison Magic   | 2 5 |  5.3
Fighting       | |  0.7
Dodging        | |  1.6
Spellcasting   | |  1.3

Action                   |  1- 3 |  4- 6 |  7- 9 | 10-12 || total
-------------------------+-------+-------+-------+-------++-------
Melee: Unarmed           |    70 |    75 |   492 |    52 ||   689
       Headbutt          |     5 |     9 |     9 |       ||    23
       Kick              |     5 |    15 |    16 |       ||    36
       Punch             |     2 |     1 |    17 |       ||    20
 Cast: Beastly Appendage |    21 |    10 |     7 |       ||    38
       Spider Form       |       |       |    10 |       ||    10
Invok: Curse Item        |       |       |     1 |       ||     1
  Use: Potion            |       |       |     7 |     2 ||     9
       Scroll            |       |       |    14 |     2 ||    16
 Stab: Sleeping          |     1 |       |       |       ||     1
Armor: Robe              |    28 |    21 |   109 |    11 ||   169
       Skin              |       |       |     4 |     7 ||    11
Dodge: Dodged            |    36 |    37 |   226 |    19 ||   318
